 Dungeon Crawl Stone Soup version 0.31-a0-1074-g0b22e4e0f1 (webtiles) character file.

Game seed: 536418190856745908

107 Ekaitz the Gusty (level 4, -2/24 HPs)
             Began as a Tengu Air Elementalist on Dec 2, 2023.
             Slain by a goblin
             ... wielding a +0 club
              (3 damage)
             ... on level 3 of the Dungeon.
             The game lasted 00:04:12 (2474 turns).

Ekaitz the Gusty (Tengu Air Elementalist)           Turns: 2474, Time: 00:04:13

Health: -2/24      AC:  2    Str:  9    XL:     4   Next: 85%
Magic:  1/9        EV: 12    Int: 17    God:
Gold:   178        SH:  0    Dex: 14    Spells: 2/8 levels left

rFire   . . .        j - +0 long sword
rCold   . . .        (no shield)
rNeg    . . .        a - +0 robe
rPois   .            (helmet restricted)
rElec   .            (no cloak)
rCorr   .            (no gloves)
SInv    .            (boots unavailable)
Will    .....        (no amulet)
Stlth   ++           (no ring)
HPRegen 0.24/turn    (no ring)
MPRegen 0.11/turn

%: acrobat
@: no status effects
A: beak, talons 3, acrobatic
a: no special abilities


You were on level 3 of the Dungeon.
You visited 1 branch of the dungeon, and saw 3 of its levels.

You collected 178 gold pieces.

Inventory:

Hand Weapons
 j - a +0 long sword (weapon)
Missiles
 e - 9 poisoned darts
Armour
 a - a +0 robe (worn)
Scrolls
 f - 3 scrolls of identify {unknown}
 g - a scroll of poison {unknown}
 h - a scroll of immolation {unknown}
 k - a scroll of blinking {unknown}
 m - a scroll of teleportation {unknown}
 n - a scroll of enchant weapon {unknown}
Potions
 b - a potion of magic
 c - a potion of enlightenment {unknown}
 d - 3 potions of ambrosia {unknown}
 i - a potion of might {unknown}
 l - a potion of mutation {unknown}


   Skills:
 * Level 0.6 Fighting
 * Level 2.7 Dodging
 + Level 2.3 Stealth
 + Level 2.9 Spellcasting
 + Level 2.2 Conjurations
 * Level 5.2 Air Magic


You had 2 spell levels left.
You knew the following spells:

 Your Spells              Type           Power      Damage    Failure   Level
a - Shock                 Conj/Air       60%        1d6       3%          1
b - Static Discharge      Conj/Air       30%        3-5/arc   5%          2
c - Swiftness             Air            20%        N/A       6%          3

Your spell library contained the following spells:

 Spells                   Type           Power      Damage    Failure   Level
 Airstrike                Air            10%        2d(2-18)  21%         4


Dungeon Overview and Level Annotations

Branches:
Dungeon (3/15)

Altars:
Cheibriados
Ru


Innate Abilities, Weirdness & Mutations

You have a beak for a mouth.
You have claws for feet.
You can magically evade attacks while moving or waiting.


Message History

Confirm with . or Enter, or press ? or * to list all spells.
Ijyb is struck by an arc of lightning.
Ijyb is lightly wounded.
You are struck by an arc of lightning.
The lightning grounds out.
The goblin shouts!
Ijyb closely misses you.
Casting: Static Discharge (safe; 5% risk of failure)
Confirm with . or Enter, or press ? or * to list all spells.
Ijyb is struck by an arc of lightning.
Ijyb is moderately wounded.
You are struck by an arc of lightning.
* * * LOW HITPOINT WARNING * * *
Ijyb is struck by an arc of lightning.
Ijyb is heavily wounded.
You are struck by an arc of lightning.
* * * LOW HITPOINT WARNING * * *
The lightning grounds out.
Ijyb closely misses you.
Casting: Static Discharge (safe; 5% risk of failure)
Confirm with . or Enter, or press ? or * to list all spells.
Ijyb is struck by an arc of lightning.
Ijyb is severely wounded.
You are struck by an arc of lightning.
* * * LOW HITPOINT WARNING * * *
Ijyb is struck by an arc of lightning.
Ijyb is almost dead.
You are struck by an arc of lightning.
* * * LOW HITPOINT WARNING * * *
The lightning grounds out.
Ijyb barely misses you.
Unknown command.
You hit Ijyb but do no damage. Your peck misses Ijyb.
You punch Ijyb, but do no damage.
Ijyb is almost dead.
Ijyb hits you with a +0 dagger.
* * * LOW HITPOINT WARNING * * *
The goblin hits you but does no damage.
Unknown command.
You hit Ijyb.
You kill Ijyb!
The goblin hits you but does no damage. The goblin hits you with a +0 club.
You die...

##.......# .....###.##
.....#....# .....#....#
.....#....# ##.###....#
##### ....##....#
<..########
.........#######.g.......
.........'..))..@).......
.........#####).)#8.....8
.........#.....###....!..
##...####.##### 8.....8
....#. .g..... #####
8.g...8 .g..... #######
8.g...8 ......##


You could see a goblin.

Vanquished Creatures
  Ijyb (D:3)
  5 adders (D:2)
  A dart slug (D:1)
  6 ball pythons
  5 bats
  8 endoplasms
  9 goblins
  2 hobgoblins
  4 jackals (D:2)
  3 quokkas
  2 frilled lizards
  6 kobolds
  3 rats
55 creatures vanquished.

Notes
Turn   | Place    | Note
-------+----------+-------------------------------------------
     0 | D:1      | Ekaitz the Tengu Air Elementalist began the quest for the
                  | Orb.
     0 | D:1      | Reached XP level 1. HP: 10/10 MP: 4/4
   245 | D:1      | Reached XP level 2. HP: 15/15 MP: 3/6
   248 | D:1      | Learned a level 2 spell: Static Discharge
   938 | D:1      | Reached XP level 3. HP: 19/19 MP: 3/7
   942 | D:1      | Learned a level 3 spell: Swiftness
  1167 | D:2      | Reached skill level 5 in Air Magic
  1169 | D:2      | Reached XP level 4. HP: 22/24 MP: 0/8
  2264 | D:3      | Found a sacrificial altar of Ru.
  2265 | D:3      | Found a snail-covered altar of Cheibriados.
  2403 | D:3      | Noticed Ijyb
  2473 | D:3      | HP: 1/24 [Ijyb/+0 dagger (2)]
  2474 | D:3      | Killed Ijyb
  2474 | D:3      | Slain by a goblin

Illustrated notes

Levels and vault maps discovered:
D:1:      minmay_arrival_cross, layout_basic, hangedman_feature_mirror,
          minmay_cupped
D:2:      layout_loops_ring
D:3:      kennysheep_the_goblin_king, layout_basic,
          gammafunk_temple_overflow_statue, lemuel_coloured_pillars_altar,
          gup_sewer_entry_spiral, ebering_ecumenical_altar_sacrificial,
          uniq_sigmund

Skill      XL: |  1  2  3  4 |
---------------+-------------+-----
Air Magic      | 5 |  5.2
Conjurations   | 2 |  2.2
Fighting       | |  0.6
Dodging        | |  2.7
Stealth        | |  2.3
Spellcasting   | |  2.9

Action                     |  1- 3 |  4- 6 || total
---------------------------+-------+-------++-------
  Melee: Unarmed           |     2 |     1 ||     3
         Kick              |     1 |     1 ||     2
         Peck              |     1 |     1 ||     2
         Long sword        |       |     5 ||     5
         Punch             |       |     1 ||     1
   Cast: Shock             |    59 |    51 ||   110
         Swiftness         |     1 |       ||     1
         Static Discharge  |       |     5 ||     5
   Stab: Sleeping          |       |     1 ||     1
 Armour: Robe              |     5 |    17 ||    22
  Dodge: Dodged            |    16 |    15 ||    31

Table legend: (Time is in decaauts)
 A = Elapsed time spent in this place.
 B = Non-inter-level travel time spent in this place.
 C = Inter-level travel time spent in this place.
 D = Time resting spent in this place.
 E = Time spent auto-exploring this place.
 F = Levels seen in this place.
 G = Mean time per level.
                   A        B        C        D        E       F      G
               +--------+--------+--------+--------+--------+-----+--------+
         Total |   2474 |   2451 |     23 |     84 |   1942 |   3 |  824.7 |
       Dungeon |   2474 |   2451 |     23 |     84 |   1942 |   3 |  824.7 |
               +--------+--------+--------+--------+--------+-----+--------+

Top non-repeatable levels by time:
     D:2: 1232 daAuts
     D:1: 1027 daAuts
     D:3: 215 daAuts
